 Dungeon Crawl Stone Soup version 0.23.2-1-ga50397a (webtiles) character file.

Game seed: 13679806487516978705

10101 dragonscale333 the Grappler (level 11, -7/105 HPs)
             Began as a Troll Fighter on Apr 26, 2019.
             Was a Believer of Makhleb.
             Mangled by a manticore (25 damage)
             ... on level 10 of the Dungeon.
             The game lasted 00:16:21 (8060 turns).

dragonscale333 the Grappler (Troll Fighter)         Turns: 8060, Time: 00:16:22

Health: -7/105     AC:  7    Str: 26    XL:     11   Next: 31%
Magic:  15/15      EV: 10    Int:  7    God:    Makhleb [**....]
Gold:   94         SH:  8    Dex:  9    Spells: 10/10 levels left

rFire    . . .     SeeInvis .     - Unarmed
rCold    . . .     Gourm    +   E - +0 shield
rNeg     . . .     Faith    .   a - +0 robe
rPois    +         Spirit   .   C - +0 hat {MR+}
rElec    .         Reflect  .   B - +0 cloak
rCorr    .         Harm     .   (gloves unavailable)
MR       +....                  (boots unavailable)
Stlth    +.........             (no amulet)
HPRegen  0.67/turn              k - +2 ring of evasion
MPRegen  0.14/turn              h - ring of poison resistance

@: barbed spikes
A: large, unfitting armour, claws 3, fast metabolism 3, gourmand, regeneration
1, shaggy fur 1, tough skin 3
a: Minor Destruction, Renounce Religion


You were on level 10 of the Dungeon.
You worshipped Makhleb.
Makhleb was pleased with you.
You were completely stuffed.

You visited 2 branches of the dungeon, and saw 11 of its levels.

You collected 471 gold pieces.
You spent 377 gold pieces at shops.

Inventory:

Hand Weapons
 b - the +1 hunting sling of the Past {flame, rC+ Int+3 Dex+4}
   (You bought it in a shop on level 7 of the Dungeon)

   It causes projectiles fired from it to burn those they strike, causing extra
   injury to most foes and up to half again as much damage against particularly
   susceptible opponents.
   It affects your intelligence (+3).
   It affects your dexterity (+4).
   It protects you from cold.
 F - a +2 hunting sling of velocity
 G - the +3 mace of Pobedwoli {crush, +Blink rPois Str+5}
   (You bought it in a shop on level 7 of the Dungeon)

   It inflicts extra damage upon your enemies.
   It affects your strength (+5).
   It protects you from poison.
   It lets you blink.
Missiles
 m - 8 javelins (quivered)
 r - 2 tomahawks
 x - 4 exploding tomahawks
 H - 44 sling bullets
Armour
 a - a +0 robe (worn)
 B - a +0 cloak (worn)
 C - a +0 hat of magic resistance (worn)
 E - a +0 shield (worn)
Jewellery
 h - a ring of poison resistance (right claw)
 k - a +2 ring of evasion (left claw)
 y - an uncursed ring of protection from fire
 I - a +2 ring of intelligence
Wands
 c - a wand of polymorph (10)
 q - a wand of clouds (9)
 t - a wand of random effects (27)
 u - a wand of acid (2)
 D - a wand of iceblast (6)
Scrolls
 e - 8 scrolls of remove curse
 i - a scroll of identify
 n - 5 scrolls of teleportation
 p - 2 scrolls of magic mapping
 w - a scroll of amnesia
 z - a scroll of blinking
 J - a scroll of fear {unknown}
 L - a scroll of brand weapon {unknown}
Potions
 f - 3 potions of curing
 g - a potion of resistance {unknown}
 j - 4 potions of lignification
 l - 2 potions of mutation {unknown}
 o - 2 potions of brilliance
 s - a potion of heal wounds
 v - a potion of invisibility {unknown}
 A - 3 potions of might
 K - a potion of berserk rage {unknown}
 M - 2 potions of magic {unknown}
 N - a potion of flight {unknown}
Comestibles
 d - 16 rations
 O - a chunk of flesh


   Skills:
 - Level 6.1 Fighting
 - Level 4.2 Armour
 - Level 2.4 Dodging
 - Level 2.4 Shields
 - Level 12.1 Unarmed Combat
 + Level 7.6 Invocations
 - Level 4.0 Evocations


You had 10 spell levels left.
You didn't know any spells.
Your spell library contained the following spells:

 Spells                   Type           Power        Failure   Level  Hunger
 Corona                   Hex            #......      88%         1    ##.....
 Slow                     Hex            #.......     96%         2    ###....
 Inner Flame              Hex/Fire       #.......     99%         3    ####...
 Portal Projectile        Hex/Tloc       #.....       99%         3    ####...
 Cause Fear               Hex            #.........   100%        4    #####..
 Leda's Liquefaction      Hex/Erth       #.........   100%        4    #####..


Dungeon Overview and Level Annotations

Branches:
Dungeon (10/15)            Temple (1/1) D:7            Lair (0/6) D:10
    Orc (0/2) D:10

Altars:
Ashenzari
Cheibriados
Dithmenos
Elyvilon
Fedhas
Gozag
Hepliaklqana
Kikubaaqudgha
Makhleb
Okawaru
Qazlal
Ru
Sif Muna
Uskayaw
Vehumet
Wu Jian
Xom
Yredelemnul
Zin
The Shining One

Shops:
D:7 (%[%%


Innate Abilities, Weirdness & Mutations

You are too large for most types of armour.
You have claws for hands.
Your metabolism is lightning-fast.
You like to eat raw meat.
Your natural rate of healing is unusually fast.
You are covered in fur. (AC +1)
You have extremely tough skin. (AC +3)


Message History

The manticore is heavily wounded.
The orc throws a stone.
You block the stone.
You scratch the manticore.
The manticore is heavily wounded.
The manticore bites you but does no damage.
You block the manticore's attack. The manticore claws you.
You barely miss the manticore.
The manticore is heavily wounded.
The orc throws a stone.
The stone closely misses you. You block the manticore's attack.
The manticore barely misses you. x2
You scratch the manticore.
The manticore is severely wounded.
The manticore bites you!
* * * LOW HITPOINT WARNING * * *
The manticore barely misses you. The manticore claws you.
* * * LOW HITPOINT WARNING * * *
You closely miss the manticore.
The manticore is severely wounded.
The orc throws a stone.
You block the stone. The manticore bites you!!
You die...

.......# ..≈≈...#
.......# .......#
.......# #### .[.....#
#.. .......# #.# #
.......#######.#####...#
...............(@H......
#.##......###..######..#
.............o.#
.................
..................
..............#####
......>.......#
...............
............


You could see a manticore and an orc.

Vanquished Creatures
  Gastronok (D:8)
  2 two-headed ogres (D:9)
  Joseph (D:8)
  Maurice (D:8)
  5 gargoyles (D:8)
  A hippogriff (D:8)
  Sigmund (D:4)
  2 wyverns (D:9)
  A yak (D:10)
  A basilisk (D:10)
  A hungry ghost (D:7)
  A warg (D:10)
  Menkaure (D:5)
  4 porcupines (D:10)
  3 sky beasts
  2 ice beasts
  A necrophage (D:10)
  3 phantoms
  5 ogres
  3 centaurs
  A crocodile (D:10)
  4 bullfrogs
  A water moccasin zombie (D:5)
  2 scorpions
  4 wights (D:9)
  A howler monkey (D:7)
  4 crimson imps
  A quasit (D:8)
  5 hounds
  A jelly (D:9)
  4 orc priests
  3 bullfrog skeletons
  5 orc wizards
  A centaur skeleton (D:7)
  4 iguanas
  Ijyb (D:4)
  7 worker ants
  A hound zombie (D:9)
  Robin (D:2)
  A worker ant zombie (D:7)
  10 adders
  4 gnolls
  A howler monkey skeleton (D:7)
  A shadow imp (D:7)
  An ooze (D:7)
  An adder skeleton (D:9)
  4 worms
  6 dart slugs
  5 leopard geckos
  26 orcs
  3 ball pythons
  8 giant cockroaches
  12 hobgoblins
  9 jackals
  5 kobolds
  4 quokkas
  9 bats
  6 frilled lizards
  13 goblins
  A jackal skeleton (D:4)
  A quokka skeleton (D:9)
  7 rats
229 creatures vanquished.

Notes
Turn   | Place    | Note
-------+----------+-------------------------------------------
     0 | D:1      | dragonscale333 the Troll Fighter began the quest for the
                  | Orb.
     0 | D:1      | Reached XP level 1. HP: 22/22 MP: 0/0
   201 | D:1      | Reached XP level 2. HP: 29/29 MP: 1/1
   357 | D:1      | Reached skill level 3 in Unarmed Combat
   559 | D:1      | Reached XP level 3. HP: 36/36 MP: 2/2
   826 | D:1      | Reached skill level 4 in Unarmed Combat
   921 | D:2      | Noticed Robin
   930 | D:2      | Reached XP level 4. HP: 44/44 MP: 3/3
   958 | D:2      | Killed Robin
  1043 | D:2      | Reached skill level 5 in Unarmed Combat
  1261 | D:2      | Reached XP level 5. HP: 48/50 MP: 4/4
  1709 | D:3      | Reached skill level 6 in Unarmed Combat
  2053 | D:4      | Reached XP level 6. HP: 52/59 MP: 5/5
  2177 | D:4      | Found a blossoming altar of Fedhas.
  2242 | D:4      | Reached skill level 7 in Unarmed Combat
  2432 | D:4      | Noticed Sigmund
  2451 | D:4      | Killed Sigmund
  2451 | D:4      | Reached skill level 8 in Unarmed Combat
  2451 | D:4      | Reached XP level 7. HP: 41/66 MP: 6/6
  2502 | D:4      | Noticed Ijyb
  2511 | D:4      | Killed Ijyb
  2903 | D:5      | Entered Level 5 of the Dungeon
  3216 | D:5      | Noticed Menkaure
  3225 | D:5      | Killed Menkaure
  3225 | D:5      | Reached XP level 8. HP: 16/78 MP: 7/7
  3453 | D:5      | Reached skill level 9 in Unarmed Combat
  3496 | D:6      | Found an iron altar of Okawaru.
  3968 | D:6      | Found a deep blue altar of Sif Muna.
  4422 | D:7      | Found Xamen's Food Shop.
  4426 | D:7      | Reached skill level 10 in Unarmed Combat
  4430 | D:7      | Reached skill level 1 in Evocations
  4517 | D:7      | Found a staircase to the Ecumenical Temple.
  4532 | Temple   | Entered the Ecumenical Temple
  4539 | Temple   | Became a worshipper of Makhleb the Destroyer
  4562 | D:7      | Found a radiant altar of Vehumet.
  4596 | D:7      | Found a snail-covered altar of Cheibriados.
  4692 | D:7      | Reached XP level 9. HP: 76/84 MP: 10/10
  4697 | D:7      | Found a shattered altar of Ashenzari.
  4701 | D:7      | Found Vepritso's Food Shop.
  4777 | D:7      | Found Ufoiliuw's Antique Armour Shop.
  4779 | D:7      | Found Udappupt's Food Shop.
  4957 | D:7      | Found Unatugga's Antique Weapon Shoppe.
  5079 | D:7      | Reached skill level 1 in Armour
  5619 | D:8      | Noticed Maurice
  5631 | D:8      | Killed Maurice
  5678 | D:8      | Found a white marble altar of Elyvilon.
  5737 | D:8      | Noticed Gastronok
  5738 | D:8      | Reached * piety under Makhleb
  5856 | D:8      | Killed Gastronok
  5856 | D:8      | Reached skill level 12 in Unarmed Combat
  5856 | D:8      | Reached XP level 10. HP: 55/92 MP: 12/12
  6228 | D:8      | Noticed Joseph
  6244 | D:8      | Killed Joseph
  6373 | D:8      | Noticed a gargoyle
  6381 | D:8      | Killed a gargoyle
  6381 | D:8      | Reached skill level 5 in Fighting
  6431 | D:8      | Noticed a gargoyle
  6436 | D:8      | Killed a gargoyle
  6505 | D:8      | Noticed a gargoyle
  6506 | D:8      | Killed a gargoyle
  6525 | D:8      | Noticed a gargoyle
  6531 | D:8      | Killed a gargoyle
  6531 | D:8      | Reached skill level 1 in Invocations
  6543 | D:8      | Noticed a gargoyle
  6548 | D:8      | Killed a gargoyle
  6700 | D:7      | Bought a brightly glowing hunting sling for 169 gold pieces
  6700 | D:7      | Identified the cursed +1 hunting sling of the Past {flame,
                  | rC+ Int+3 Dex+4} (You bought it in a shop on level 7 of the
                  | Dungeon)
  6702 | D:7      | Bought a crude mace for 208 gold pieces
  6702 | D:7      | Identified the cursed +3 mace of Pobedwoli {crush, +Blink
                  | rPois Str+5} (You bought it in a shop on level 7 of the
                  | Dungeon)
  6860 | D:9      | Noticed a two-headed ogre
  6866 | D:9      | Killed a two-headed ogre
  7011 | D:9      | Found an ornate altar of the Wu Jian Council.
  7050 | D:9      | Reached skill level 5 in Invocations
  7153 | D:9      | Reached XP level 11. HP: 105/105 MP: 12/14
  7182 | D:9      | Reached ** piety under Makhleb
  7410 | D:9      | Noticed a two-headed ogre
  7418 | D:9      | Killed a two-headed ogre
  7668 | D:10     | Entered Level 10 of the Dungeon
  7996 | D:10     | Found a staircase to the Lair.
  8022 | D:10     | Identified the cursed +1 ring mail of the Meadowlark
                  | {Slay+2}
  8031 | D:10     | Found a staircase to the Orcish Mines.
  8060 | D:10     | Mangled by a manticore

Skill      XL: |  1  2  3  4  5  6  7  8  9 10 11 |
---------------+----------------------------------+-----
Unarmed Combat | 3 4 5 6 8 10 12 | 12.1
Fighting       | 4 6 |  6.1
Evocations     | 3 4 |  4.0
Armour         | 4 |  4.2
Invocations    | 5 7 |  7.6
Dodging        | |  2.4
Shields        | |  2.4

Action                   |  1- 3 |  4- 6 |  7- 9 | 10-12 || total
-------------------------+-------+-------+-------+-------++-------
Melee: Unarmed           |    94 |   195 |   303 |   182 ||   774
 Fire: Hunting sling     |       |       |       |     8 ||     8
Throw: Javelin           |       |       |       |     4 ||     4
Evoke: Wand              |       |       |     2 |     2 ||     4
  Use: Scroll            |       |     7 |     7 |     4 ||    18
       Potion            |       |     1 |     1 |     2 ||     4
 Stab: Sleeping          |     1 |     1 |       |       ||     2
  Eat: Chunk             |    10 |    16 |    32 |    20 ||    78
       Ration            |       |       |     2 |       ||     2
Armor: Robe              |    30 |    37 |    52 |    36 ||   155
Dodge: Dodged            |    30 |    63 |    90 |    58 ||   241
Block: Shield            |    39 |    46 |   100 |    50 ||   235
